 Dungeon Crawl Stone Soup version 0.31-a0-978-g1e143483b6 (webtiles) character file.

Game seed: 18343970100395268617

68164 jasper the Thaumaturge (level 14, -8/91 HPs)
             Began as a Deep Elf Conjurer on Oct 30, 2023.
             Was an Elder of Ashenzari.
             Killed from afar by a hell hound (18 damage)
             ... with a blast of flame
             ... led by Azrael
             ... on level 12 of the Dungeon.
             The game lasted 01:00:38 (26652 turns).

jasper the Thaumaturge (Deep Elf Conjurer)         Turns: 26652, Time: 01:00:38

Health: -8/91      AC: 14    Str:  7    XL:     14   Next: 85%
Magic:  31/42      EV: 14    Int: 35    God:    Ashenzari [****..]
Gold:   1025       SH: 19    Dex: 13    Spells: 2/46 levels left

rFire   . . .        V - +6 Majin-Bo {spellvamp, MP+6 Int+6, Fort, Melee} (curse)
rCold   + . .        O - +2 kite shield of the Cursed God {Alch, Fort} (curse)
rNeg    + . .        N - +2 robe of Optimism {Will+ Regen+ Str+3}
rPois   +            y - +0 helmet "Visionary of Ashenzari" {Elem, Range} (curse)
rElec   .            F - +0 cloak of the Sibylline Stars {Elem, Alch} (curse)
rCorr   +            q - +4 pair of gloves "Ruined Disgust" {rN+ rCorr, Self, Bglg} (curse)
SInv    +            u - +2 pair of boots of Star-Bound Wisdom {Comp, Self} (curse)
Will    ++...        m - amulet of reflection
Stlth   ++           s - ring of poison resistance
HPRegen 1.15/turn    K - ring of protection from cold
MPRegen 0.28/turn

%: reflection, clarity
@: about to teleport, studying Stealth
A: no striking features
a: Renounce Religion, Shatter the Chains


You were on level 12 of the Dungeon.
You worshipped Ashenzari.
Ashenzari was greatly pleased with you.
You visited 4 branches of the dungeon, and saw 20 of its levels.

You collected 2572 gold pieces.
You spent 1547 gold pieces at shops.

Inventory:

Hand Weapons
 e - a +3 dagger of speed
 C - a +1 hammer of protection
 E - a +1 dagger of venom
 V - the cursed +6 Majin-Bo (weapon) {spellvamp, MP+6 Int+6, Fort, Melee}
   (You bought it in a shop on level 2 of the Orcish Mines)

   Int+6:     It affects your intelligence (+6).
   MP+6:      It affects your magic capacity (+6).
   It has a curse which improves the following skills: Fortitude: Armour and
   Shields.
   Melee Combat: Short Blades, Long Blades, Axes, Maces & Flails, Polearms,
   Staves and Unarmed Combat.
Missiles
 p - 3 curare-tipped darts
Armour
 a - a +0 robe
 k - a +0 pair of gloves
 n - +0 steam dragon scales
 q - the cursed +4 pair of gloves "Ruined Disgust" (worn) {rN+ rCorr, Self, Bglg}
   (You found it on level 2 of the Dungeon)

   rN+:       It protects you from negative energy.
   rCorr:     It protects you from acid and corrosion.
   It has a curse which improves the following skills: Introspection: Fighting
   and Spellcasting.
   Beguiling: Conjurations, Hexes and Translocations.
 u - the cursed +2 pair of boots of Star-Bound Wisdom (worn) {Comp, Self}
   (You found it on level 7 of the Dungeon)

   It has a curse which improves the following skills: Companions: Summonings
   and Necromancy.
   Introspection: Fighting and Spellcasting.
 v - the +1 leather armour of the Garden {Str-4 Int+4 SInv}
   (You found it on level 7 of the Dungeon)

   Str-4:     It affects your strength (-4).
   Int+4:     It affects your intelligence (+4).
   SInv:      It lets you see invisible.
 w - a scarf of repulsion
 y - the cursed +0 helmet "Visionary of Ashenzari" (worn) {Elem, Range}
   (You found it on level 6 of the Dungeon)

   It has a curse which improves the following skills: Elements: Fire Magic, Ice
   Magic, Air Magic and Earth Magic.
   Ranged Combat: Ranged Weapons and Throwing.
 F - the cursed +0 cloak of the Sibylline Stars (worn) {Elem, Alch}
   (You took it off Crazy Yiuf on level 7 of the Dungeon)

   It has a curse which improves the following skills: Elements: Fire Magic, Ice
   Magic, Air Magic and Earth Magic.
   Alchemy:   Poison Magic and Transmutations.
 N - the +2 robe of Optimism (worn) {Will+ Regen+ Str+3}
   (You bought it in a shop on level 10 of the Dungeon)

   Str+3:     It affects your strength (+3).
   Will+:     It increases your willpower.
   Regen+:    It increases your rate of health regeneration.
 O - the cursed +2 kite shield of the Cursed God (worn) {Alch, Fort}
   (You took it off a gnoll sergeant on level 12 of the Dungeon)

   It has a curse which improves the following skills: Alchemy: Poison Magic and
   Transmutations.
   Fortitude: Armour and Shields.
Magical Staves
 f - a staff of air
Jewellery
 m - an amulet of reflection (around neck)
 s - a ring of poison resistance (left hand)
 J - a ring of magical power
 K - a ring of protection from cold (right hand)
 L - a ring of positive energy
 Q - a +6 ring of strength
 T - a ring of protection from fire
 U - a +6 ring of strength
Wands
 x - a wand of charming (5)
 B - a wand of roots (8)
 H - a wand of flame (10)
 R - a wand of acid (3)
Scrolls
 b - a scroll of enchant armour
 c - a scroll of revelation
 l - a scroll of fog
 o - 5 scrolls of poison
 r - 2 scrolls of silence
 D - a scroll of teleportation
 M - a scroll of enchant weapon
 P - 2 scrolls of immolation
 W - a scroll of torment
Potions
 d - 3 potions of attraction
 g - 3 potions of mutation
 h - a potion of resistance
 i - 2 potions of cancellation
 j - a potion of lignification
 t - 2 potions of brilliance
 z - 2 potions of invisibility
 A - 3 potions of enlightenment
 G - a potion of haste
 I - 4 potions of curing
 S - 2 potions of might


   Skills:
 - Level 9.2(11.9) Fighting
 + Level 1.3(2.5) Staves
 - Level 10.0 Dodging
 - Level 2.4 Stealth
 - Level 10.5(13.2) Shields
 - Level 14.1(16.7) Spellcasting
 - Level 13.6(15.4) Conjurations
 - Level 7.2(9.1) Hexes
 - Level 7.0(8.9) Necromancy
 - Level 4.0(5.6) Translocations
 - Level 5.1(7.7) Transmutations
 - Level 5.0(7.6) Fire Magic
 - Level 3.2(5.5) Earth Magic


You had 2 spell levels left.
You knew the following spells:

 Your Spells              Type           Power      Damage    Failure   Level
a - Stone Arrow           Conj/Erth      100%       3d13      1%          3
b - Borgnjor's Vile Clut  Necr/Erth      34%        N/A       5%          5
c - Fulminant Prism       Conj/Hex       43%        3d19      1%          4
d - Iskenderun's Mystic   Conj/Tloc      80%        2d16      1%          4
e - Tukima's Dance        Hex            76%        N/A       1%          3
f - Passage of Golubria   Tloc           62%        N/A       3%          4
g - Sublimation of Blood  Necr           75%        N/A       1%          2
h - Yara's Violent Unrav  Hex/Tmut       36%        3d15      3%          5
i - Fireball              Conj/Fire      41%        3d17      1%          5
j - Blink                 Tloc           100%       N/A       1%          2
k - Orb of Destruction    Conj           47%        9d12      5%          7

Your spell library contained the following spells:

 Spells                   Type           Power      Damage    Failure   Level
 Magic Dart               Conj           100%       1d8       0%          1
 Searing Ray              Conj           100%       2d8       0%          2
 Slow                     Hex            100%       N/A       1%          1
 Cigotuvi's Dreadful Rot  Necr/Pois/Air  100%       N/A       1%          2
 Ensorcelled Hibernation  Hex/Ice        100%       N/A       1%          2
 Jinxbite                 Hex            100%       N/A       1%          2
 Lesser Beckoning         Tloc           100%       N/A       1%          2
 Momentum Strike          Conj/Tloc      100%       3d10      1%          2
 Wereblood                Tmut           70%        N/A       1%          2
 Confusing Touch          Hex            76%        N/A       1%          3
 Dazzling Flash           Conj/Hex       100%       N/A       1%          3
 Sigil of Binding         Hex            76%        N/A       1%          3
 Vampiric Draining        Necr           75%        2d11      1%          3
 Volatile Blastmotes      Fire/Tloc      100%       2d18      1%          3
 Anguish                  Hex/Necr       37%        N/A       1%          4
 Animate Dead             Necr           75%        N/A       1%          4
 Brom's Barrelling Bould  Conj/Erth      80%        2d9       1%          4
 Dimensional Bullseye     Hex/Tloc       34%        N/A       1%          4
 Dispel Undead            Necr           75%        3d25      1%          4
 Leda's Liquefaction      Hex/Erth       34%        N/A       1%          4
 Iskenderun's Battlesphe  Conj           95%        2d14      1%          5
 Call Canine Familiar     Summ           30%        N/A       11%         3
 Animate Armour           Summ/Erth      98%        N/A       12%         4
 Death Channel            Necr           37%        N/A       14%         6
 Conjure Ball Lightning   Conj/Air       35%        3x3d11    22%         6
 Olgreb's Toxic Radiance  Pois           31%        N/A       32%         4
 Lehudib's Crystal Spear  Conj/Erth      40%        10d10     97%         8
 Discord                  Hex            38%        N/A       99%         8
 Summon Hydra             Summ           15%        N/A       100%        7
 Ignition                 Fire           35%        3d11      100%        8


Dungeon Overview and Level Annotations

Branches:
Dungeon (12/15)              Lair (5/5) D:8          Shoals (0/4) Lair:3
  Snake (0/4) Lair:3        Slime (1/5) Lair:4          Orc (2/2) D:11
    Elf (0/3) Orc:2
 Temple: D:4-7

Altars:
Ashenzari
Cheibriados
Elyvilon
Gozag
Kikubaaqudgha
Okawaru
Trog
Vehumet

Shops:
D:10 [   Orc:1 (   Orc:2 [:((

Portals:
Trove: D:12 (give +5 demon trident)

Annotations:
D:5 Grinder
D:11 1 runed translucent door, Sundig's ghost, journeyman DgFi
D:12 Azrael
Lair:1 3 runed translucent doors, Nyony's ghost, journeyman TrSh


Message History

Aim: a hell hound (69% to hit)
The stone arrow misses the hell hound.
The hell hound bites you but does no damage.
You take 2 damage, and have 51/91 hp.
You now have 36/42 mp.
Aiming: Stone Arrow (safe; 1% risk of failure)
Press: ? - help, Q - select action, (/) - cycle Shift-Dir - straight line, f/p - hell hound
Aim: a hell hound (69% to hit)
The stone arrow hits the hell hound!!
The hell hound is severely wounded.
You block the hell hound's attack.
Azrael is momentarily hidden by a cloud of flames.
Azrael gestures at you.
The bolt of fire hits the hell hound.
The hell hound completely resists.
The bolt of fire misses you. The hell hound closely misses you.
The hell hound breathes flames at you.
The blast of flame hits the fire elemental.
The fire elemental completely resists.
The blast of flame hits the hell hound.
The hell hound completely resists.
The blast of flame hits you.
You take 8 damage, and have 43/91 hp.
You now have 34/42 mp.
Casting: Stone Arrow (safe; 1% risk of failure)
Confirm with . or Enter, or press ? or * to list all spells.
You erupt in a blast of force!
The mystic blast hits the fire elemental!
The fire elemental is heavily damaged.
The fire elemental is knocked back by the mystic blast.
The mystic blast hits the hell hound!!
You kill the hell hound!
Azrael gestures at you.
The sphere of damnation explodes!
The damnation engulfs you!!
* * * LOW HITPOINT WARNING * * *
You hear a shout!
You take 36 damage, and have 7/91 hp.
MASSIVE DAMAGE!!
You now have 30/42 mp.
Okay, then.
As you read the scroll of teleportation, it crumbles to dust.
You feel strangely unstable. You block the hell hound's attack.
The hell hound attacks as it pursues you!
The hell hound misses you. The hell hound breathes flames at you.
The blast of flame hits you!!
You die...

......#...................,
......#...................,
......#.....#####..°○.....,
>.....'.....#...#.°.R.....,
......##....#...#..○......,
.......#....#...#hE.......,
.......#....#...#.h.......,
.......#....##'##......###*
.......#.)......@......#,,,
.....>.##..............#,,,
........#..............#,,,
........#..............#,,,
###'#####..............#,,,
..........).....[......#,,,
..................)....#***
............(............,
..........###..........##*


You could see Azrael, a fire elemental and 2 hell hounds.

Vanquished Creatures
  An orc warlord (Orc:2)
  A fire dragon (Lair:5)
  2 hydras
  Erolcha (Orc:2)
  A boulder beetle (D:10)
  5 two-headed ogres
  8 death yaks
  Urug (Orc:1)
  An orc high priest (Orc:2)
  Sonja (Lair:3)
  A lindwurm (Lair:5)
  8 orc knights
  A deep elf pyromancer (D:12)
  5 orc sorcerers
  2 oklob plants (Lair:4)
  4 cyclopes
  8 elephants (Lair:2)
  4 black mambas
  A merfolk siren (Lair:3)
  2 molten gargoyles (Lair:5)
  4 torpor snails (Lair:1)
  8 cane toads
  3 rime drakes
  A gargoyle (D:12)
  17 komodo dragons
  A kobold demonologist (D:11)
  An efreet (D:10)
  6 trolls
  3 polar bears
  Prince Ribbit (D:7)
  31 blink frogs
  11 saltlings
  4 dream sheep (Lair:5)
  A slime creature (D:10)
  3 shadows
  A dancing weapon (Orc:2)
  8 wyverns
  45 yaks
  3 steam dragons
  2 basilisks
  3 vampire mosquitoes (D:11)
  9 wargs
  An acid dragon (D:9)
  5 hell hounds
  3 nagas (Lair:3)
  An ice beast (D:6)
  12 water moccasins
  18 orc warriors
  A sky beast (D:8)
  3 ogres
  A black bear (D:4)
  15 wolves
  3 centaurs
  3 kobold brigands
  10 bullfrogs
  A gnoll sergeant (D:12)
  2 scorpions (D:6)
  3 electric eels
  6 howler monkeys
  5 lava snakes (Lair:5)
  A jelly (D:6)
  2 hounds (D:7)
  Crazy Yiuf (D:7)
  2 gnoll boudas
  8 orc priests
  An iguana (D:4)
  2 sleepcaps (D:7)
  17 orc wizards
  4 hell rats (Lair:2)
  17 gnolls
  6 adders
  A shadow imp (D:6)
  A white imp (D:7)
  A worm (D:2)
  A dart slug (D:1)
  62 orcs
  7 endoplasms
  4 giant cockroaches
  2 goblins
  5 hobgoblins
  4 quokkas
  2 ball pythons
  4 bats
  A frilled lizard (D:1)
  24 kobolds
  5 rats
  A fulminant prism (Lair:2)
503 creatures vanquished.

Vanquished Creatures (collateral kills)
  2 two-headed ogres
  An orc knight (Orc:2)
  A gargoyle (D:12)
  Jeremiah (D:6)
  A troll (Orc:2)
  An orc warrior (D:10)
7 creatures vanquished.

Vanquished Creatures (others)
  A komodo dragon (Lair:1)
  A dancing weapon (D:12)
  167 fulminant prisms
169 creatures vanquished.

Grand Total: 679 creatures vanquished

Notes
Turn   | Place    | Note
-------+----------+-------------------------------------------
     0 | D:1      | jasper the Deep Elf Conjurer began the quest for the Orb.
     0 | D:1      | Reached XP level 1. HP: 10/10 MP: 6/6
   236 | D:1      | Reached XP level 2. HP: 15/15 MP: 4/8
   239 | D:1      | Learned a level 2 spell: Searing Ray
   772 | D:1      | Reached skill level 4 in Spellcasting
   911 | D:2      | Reached XP level 3. HP: 19/19 MP: 6/10
   964 | D:2      | Reached skill level 5 in Conjurations
  1191 | D:2      | Reached XP level 4. HP: 24/24 MP: 6/12
  1196 | D:2      | Learned a level 4 spell: Fulminant Prism
  1201 | D:2      | Learned a level 4 spell: Iskenderun's Mystic Blast
  1341 | D:2      | Identified the +4 pair of gloves of Love and Death {rN+
                  | rCorr}
  1961 | D:3      | You fall into a shaft and drop 3 floors!
  1975 | D:6      | Noticed an ice beast
  1988 | D:6      | Killed an ice beast
  1989 | D:6      | Reached skill level 5 in Spellcasting
  1989 | D:6      | Reached XP level 5. HP: 28/28 MP: 0/14
  1993 | D:6      | Learned a level 3 spell: Tukima's Dance
  2194 | D:6      | Reached skill level 1 in Hexes
  2296 | D:6      | Reached XP level 6. HP: 32/32 MP: 10/16
  2479 | D:5      | Entered Level 5 of the Dungeon
  2836 | D:3      | Found a faded altar of an unknown god.
  3297 | D:4      | Found an iron altar of Okawaru.
  3772 | D:5      | Reached skill level 6 in Spellcasting
  3870 | D:5      | Noticed Grinder
  3974 | D:6      | Noticed Jeremiah
  3975 | D:6      | Reached XP level 7. HP: 36/36 MP: 13/18
  3999 | D:6      | Killed Jeremiah
  4115 | D:6      | Found a broken altar of Ashenzari.
  4154 | D:6      | Reached skill level 1 in Fighting
  4258 | D:6      | Reached XP level 8. HP: 43/43 MP: 14/20
  4267 | D:6      | Learned a level 4 spell: Passage of Golubria
  4547 | D:7      | Reached skill level 7 in Spellcasting
  4990 | D:7      | Identified the +1 leather armour of the Garden {Str-4 Int+4
                  | SInv}
  5207 | D:6      | Became a worshipper of Ashenzari the Shackled
  5381 | D:7      | Learned a level 2 spell: Sublimation of Blood
  5602 | D:7      | Found a runed translucent door.
  5603 | D:7      | Noticed Crazy Yiuf
  5612 | D:7      | Killed Crazy Yiuf
  5823 | D:7      | Found a bloodstained altar of Trog.
  5934 | D:7      | Noticed Prince Ribbit
  5941 | D:7      | Killed Prince Ribbit
  5942 | D:7      | Reached skill level 5 in Dodging
  5942 | D:7      | Reached skill level 8 in Spellcasting
  6217 | D:8      | Reached XP level 9. HP: 35/51 MP: 10/23
  6312 | D:8      | Noticed a death yak
  6548 | D:8      | Learned a level 5 spell: Yara's Violent Unravelling
  6649 | D:8      | Noticed a death yak
  6650 | D:8      | Noticed a death yak
  6671 | D:8      | Killed a death yak
  6672 | D:8      | Reached skill level 9 in Spellcasting
  6703 | D:7      | Killed a death yak
  6704 | D:7      | Reached skill level 10 in Spellcasting
  6869 | D:8      | Reached skill level 1 in Necromancy
  6999 | D:8      | Reached skill level 5 in Fighting
  6999 | D:8      | Reached skill level 1 in Transmutations
  7063 | D:8      | Killed a death yak
  7064 | D:8      | Reached XP level 10. HP: 47/59 MP: 4/26
  7083 | D:8      | Reached skill level 5 in Hexes
  7222 | D:8      | Found a staircase to the Lair.
  7499 | D:9      | Found an opulent altar of Gozag.
  7694 | D:9      | Noticed a two-headed ogre
  7749 | D:9      | Killed a two-headed ogre
  8259 | D:9      | Found a radiant altar of Vehumet.
  8469 | D:9      | Identified a scroll of acquirement
  8469 | D:9      | Acquired 562 gold pieces
  8482 | D:10     | Entered Level 10 of the Dungeon
  8534 | D:10     | Found an ancient bone altar of Kikubaaqudgha.
  8583 | D:10     | Reached skill level 5 in Necromancy
  8628 | D:10     | Noticed a boulder beetle
  8645 | D:10     | Noticed a cyclops
  8651 | D:10     | Killed a cyclops
  8761 | D:10     | Killed a boulder beetle
  8762 | D:10     | Reached skill level 5 in Transmutations
  8786 | D:10     | Reached XP level 11. HP: 27/64 MP: 6/27
  9454 | D:10     | Found Moluiff's Antique Armour Emporium.
  9458 | D:10     | Bought a brightly glowing robe for 182 gold pieces
  9458 | D:10     | Identified the +2 robe of Optimism {Will+ Regen+ Str+3}
                  | (You bought it in a shop on level 10 of the Dungeon)
  9759 | D:10     | Learned a level 5 spell: Fireball
  9795 | D:11     | Reached skill level 1 in Fire Magic
 10320 | D:11     | Found a staircase to the Orcish Mines.
 10671 | D:11     | Noticed a two-headed ogre
 10679 | D:11     | Killed a two-headed ogre
 11034 | D:11     | Found a runed translucent door.
 11035 | D:11     | Noticed Sundig's ghost (journeyman DgFi)
 11185 | D:11     | Noticed a two-headed ogre
 11198 | D:11     | Killed a two-headed ogre
 11475 | D:12     | Reached skill level 5 in Fire Magic
 11570 | D:12     | Reached skill level 10 in Conjurations
 11677 | D:12     | Found a portal to a secret trove of treasure.
 12336 | D:12     | Noticed a two-headed ogre
 12346 | D:12     | Killed a two-headed ogre
 12347 | D:12     | Reached skill level 11 in Spellcasting
 12351 | D:12     | Learned a level 2 spell: Blink
 12431 | D:12     | Noticed a deep elf pyromancer
 12441 | D:12     | Killed a deep elf pyromancer
 12564 | Orc:1    | Entered Level 1 of the Orcish Mines
 12609 | Orc:2    | Entered Level 2 of the Orcish Mines
 12611 | Orc:2    | Reached skill level 12 in Spellcasting
 12617 | Orc:2    | Noticed Urug
 12748 | Orc:2    | Noticed an orc knight
 12754 | Orc:1    | Reached XP level 12. HP: 42/70 MP: 3/30
 12955 | Lair:1   | Entered Level 1 of the Lair of Beasts
 12990 | Lair:1   | Reached skill level 13 in Spellcasting
 13240 | Lair:1   | Found a runed translucent gate.
 13240 | Lair:1   | Found a runed translucent gate.
 13240 | Lair:1   | Found a runed translucent gate.
 13242 | Lair:1   | Noticed a catoblepas
 13243 | Lair:1   | Noticed Nyony's ghost (journeyman TrSh)
 13346 | Lair:1   | Reached skill level 14 in Spellcasting
 13540 | Lair:1   | Learned a level 7 spell: Orb of Destruction
 13707 | Lair:1   | Found a snail-covered altar of Cheibriados.
 14063 | Lair:1   | Reached * piety under Ashenzari
 14663 | Lair:1   | Reached skill level 10 in Dodging
 14986 | Lair:2   | Noticed a death yak
 14988 | Lair:2   | Noticed a death yak
 14998 | Lair:2   | Killed a death yak
 14999 | Lair:2   | Killed a death yak
 15001 | Lair:2   | Noticed a death yak
 15005 | Lair:2   | Noticed a death yak
 15197 | Lair:2   | Noticed a death yak
 15209 | Lair:2   | Killed a death yak
 15210 | Lair:2   | Killed a death yak
 15227 | Lair:2   | Killed a death yak
 15638 | Lair:2   | Reached skill level 1 in Shields
 15943 | Lair:2   | Reached XP level 13. HP: 82/82 MP: 12/33
 17340 | Lair:3   | Reached skill level 5 in Shields
 17429 | Lair:3   | Noticed Sonja
 17432 | Lair:3   | Killed Sonja
 17606 | Lair:3   | HP: 2/82 [six-headed hydra (11)]
 17755 | Lair:3   | Identified the +4 robe of the Unicorn {Fly Will+ Str-2}
 17858 | Lair:3   | Found a staircase to the Shoals.
 18083 | Lair:3   | Reached ** piety under Ashenzari
 18093 | Lair:3   | Found a staircase to the Snake Pit.
 18654 | Lair:4   | Found a staircase to the Slime Pits.
 20175 | Lair:5   | Entered Level 5 of the Lair of Beasts
 20203 | Vaults:5 | Identified the "Umuky"
 20203 | Vaults:5 | Identified the "Amuhac"
 20203 | Depths:2 | Identified the "Jylo"
 20203 | Depths:3 | Identified the "Huack"
 20203 | Elf:1    | Identified the of Kuziwar
 20203 | Elf:3    | Identified the "Tiptea"
 20203 | Zot:1    | Identified the "Xoesad"
 20203 | Slime:1  | Entered Level 1 of the Pits of Slime
 20203 | Slime:1  | Noticed an acid blob
 20950 | Lair:5   | Reached *** piety under Ashenzari
 21229 | Lair:5   | Learned a level 3 spell: Stone Arrow
 21330 | Lair:5   | Reached XP level 14. HP: 78/90 MP: 9/36
 21520 | Lair:5   | Found a white marble altar of Elyvilon.
 22342 | Lair:5   | Found a large runed translucent door.
 22343 | Lair:5   | Found a large runed translucent door.
 22754 | Lair:5   | Reached skill level 10 in Shields
 23089 | Orc:1    | Killed Urug
 24653 | Orc:2    | Found a staircase to the Elven Halls.
 24782 | Orc:2    | Noticed Erolcha
 24788 | Orc:2    | Killed Erolcha
 24922 | Orc:2    | Noticed an orc warlord
 24959 | Orc:2    | Killed an orc warlord
 25259 | Orc:2    | Found Beolevirr's Antique Weapon Boutique.
 25486 | Orc:2    | Found Vufrylim's Book Shop.
 25488 | Orc:2    | Found Ufeumy's Weapon Shop.
 25502 | Orc:2    | Bought the +6 Majin-Bo {spellvamp, MP+6 Int+6} for 933 gold
                  | pieces
 25502 | Orc:2    | Found the +6 Majin-Bo {spellvamp, MP+6 Int+6}
 25506 | Orc:2    | Bought a book of Unlife for 432 gold pieces
 25512 | Orc:2    | Learned a level 5 spell: Borgnjor's Vile Clutch
 25550 | Orc:2    | Found Huhas's Armour Emporium.
 25591 | Orc:2    | Reached skill level 1 in Earth Magic
 26009 | Orc:1    | Reached **** piety under Ashenzari
 26139 | Orc:1    | Found Aczun's Weapon Shop.
 26300 | Orc:1    | Reached skill level 1 in Staves
 26645 | D:12     | Noticed Azrael
 26652 | D:12     | Killed from afar by a hell hound

Illustrated notes

Levels and vault maps discovered:
D:1:      psy_arrival_conway, layout_basic
D:2:      layout_basic
D:3:      layout_loops_ring, hellmonk_ecumenical_altar_inner_sanctum,
          kennysheep_nub
D:4:      layout_rooms, okawaru_trees_1
D:5:      layout_loops_corners, temple_hall, minmay_tree_intersection,
          minmay_chambers_of_fives, uniq_grinder
D:6:      layout_gridville, ashenzari_altar_1, uniq_jeremiah
D:7:      layout_basic, trog_hazing_becter, minmay_between, uniq_prince_ribbit1,
          uniq_crazy_yiuf_cottage
D:8:      layout_rooms, dpeg_lair_monsters, kennysheep_boxes
D:9:      layout_roguey, mainiacjoe_overflow_small_starburst,
          mainiacjoe_overflow_concentric_impassable
D:10:     minmay_curly_fans, layout_loops_cross, mainiacjoe_overflow_alcove_2,
          serial_shops, shop
D:11:     layout_long_grid, orc_david_3, gammafunk_ghost_grave
D:12:     layout_irregular_city, enter_trove_3, minmay_misc_feat_five,
          uniq_azrael
Lair:1:   layout_long_grid, gammafunk_ghost_split, kennysheep_snail_temple,
          serial_bayou_shore_a, lemuel_fruit_fields
Lair:2:   layout_layer_cave, infiniplex_staircase_pool_2
Lair:3:   layout_small_grid, elwin_shoals_entry_rooms,
          minmay_snake_entry_guardpost_small, serial_bayou_shore_b, uniq_sonja
Lair:4:   layout_roguey, minmay_slime_entry_oklob_open
Lair:5:   cheibrodos_lair_end_hotspot, layout_loops_ring, basic_altar,
          nicolae_lair_lil_pond
Slime:1:  layout_caves, nicolae_slime_getting_an_eyeful
Orc:1:    layout_diamond_mine, serial_shops, shop_fountains
Orc:2:    hellmonk_orc_salted, layout_caves, nooodl_orcs_dogs, uniq_urug,
          uniq_erolcha

Skill      XL: |  1  2  3  4  5  6  7  8  9 10 11 12 13 14 |
---------------+-------------------------------------------+-----
Spellcasting   | 4 5 6 8 10 12 14 | 14.1
Conjurations   | 5 6 7 8 10 13 | 13.6
Hexes          | 1 3 4 7 |  7.2
Translocations | 3 4 |  4.0
Fighting       | 1 3 5 6 9 |  9.2
Dodging        | 3 5 8 9 10 | 10.0
Necromancy     | 2 5 7 |  7.0
Transmutations | 2 5 |  5.1
Fire Magic     | 5 |  5.0
Shields        | 2 9 10 | 10.5
Earth Magic    | 3 |  3.2
Staves         | 1 |  1.3
Stealth        | |  2.4

Action                     |  1- 3 |  4- 6 |  7- 9 | 10-12 | 13-15 || total
---------------------------+-------+-------+-------+-------+-------++-------
  Melee: Dagger            |       |       |    15 |   114 |   142 ||   271
         Punch             |       |       |     1 |     1 |       ||     2
         Bo                |       |       |       |       |     2 ||     2
   Cast: Magic Dart        |    66 |    37 |    31 |    51 |       ||   185
         Searing Ray       |     1 |    14 |    12 |    28 |       ||    55
         Fulminant Prism   |       |     1 |    28 |    94 |    45 ||   168
         Tukima's Dance    |       |       |     3 |    12 |    23 ||    38
         Iskenderun's Myst |       |       |    20 |    56 |    56 ||   132
         Sublimation of Bl |       |       |       |    13 |    27 ||    40
         Fireball          |       |       |       |    46 |   142 ||   188
         Blink             |       |       |       |     1 |       ||     1
         Stone Arrow       |       |       |       |       |   173 ||   173
         Orb of Destructio |       |       |       |       |     1 ||     1
 Invoke: Curse Item        |       |       |       |     2 |     4 ||     6
  Evoke: Wand              |       |     2 |     6 |    12 |     4 ||    24
    Use: Scroll            |       |       |    17 |     9 |     3 ||    29
         Potion            |       |       |     2 |     1 |       ||     3
 Armour: Robe              |     1 |     3 |     4 |    82 |   159 ||   249
         Steam dragon scal |       |       |    25 |    33 |       ||    58
  Dodge: Dodged            |     4 |     7 |    24 |   117 |   108 ||   260
  Block: Other             |       |     1 |     7 |    23 |       ||    31
         Reflection        |       |       |     3 |     2 |    27 ||    32
         Kite shield       |       |       |       |       |   277 ||   277

Table legend: (Time is in decaauts)
 A = Elapsed time spent in this place.
 B = Non-inter-level travel time spent in this place.
 C = Inter-level travel time spent in this place.
 D = Time resting spent in this place.
 E = Time spent auto-exploring this place.
 F = Levels seen in this place.
 G = Mean time per level.
                   A        B        C        D        E       F      G
               +--------+--------+--------+--------+--------+-----+--------+
         Total |  26776 |  25604 |   1172 |   4141 |  17856 |  20 | 1338.8 |
       Dungeon |  12848 |  12068 |    780 |   1415 |   8847 |  12 | 1070.7 |
          Lair |  10125 |   9818 |    307 |   1458 |   7151 |   5 | 2025.0 |
    Slime Pits |      1 |      1 |      0 |      0 |      0 |   1 |    1.0 |
  Orcish Mines |   3801 |   3717 |     84 |   1268 |   1857 |   2 | 1900.5 |
               +--------+--------+--------+--------+--------+-----+--------+

Top non-repeatable levels by time:
  Lair:5: 2516 daAuts
  Lair:1: 2091 daAuts
   Orc:1: 2050 daAuts
  Lair:2: 2020 daAuts
     D:7: 2000 daAuts
   Orc:2: 1750 daAuts
  Lair:3: 1748 daAuts
  Lair:4: 1748 daAuts
    D:10: 1636 daAuts
    D:11: 1478 daAuts
     D:6: 1214 daAuts
    D:12: 1185 daAuts
     D:9: 1011 daAuts
     D:8: 956 daAuts
     D:2: 872 daAuts
